 Dungeon Crawl Stone Soup version 0.32-a0-19-g28bc0835a1 (webtiles) character file.

Game seed: 2276484183020322491

3452 Dirtsage the Mimic (level 10, -2/102 HPs)
             Began as an Octopode Shapeshifter on Jan 17, 2024.
             Was a Priest of Elyvilon.
             Slain by a vault guard
             ... wielding a +0 broad axe
              (7 damage)
             ... in a bailey.
             The game lasted 00:13:09 (6005 turns).

Dirtsage the Mimic (Octopode Shapeshifter)          Turns: 6005, Time: 00:13:09

Health: -2/102     AC: 25    Str: 13    XL:     10   Next: 6%
Magic:  11/13      EV:  2    Int: 12    God:    Elyvilon [***...]
Gold:   254        SH:  5    Dex: 17    Spells: 9/9 levels left

rFire   . .          .
                       - Unarmed
rCold   . . .        (no shield)
rNeg    + . .        (helmet currently unavailable)
rPois   +            u - amulet of reflection
rElec   .            N - ring of positive energy
rCorr   .            y - +5 ring of evasion
SInv    .            (no ring)
Will    .....        (no ring)
Stlth   ++           (no ring)
HPRegen 0.37/turn    (no ring)
MPRegen 0.13/turn    (no ring)
                     (no ring)

%: reflection
@: mighty, tree-form, attractive
A: stationary, stasis, torment immunity, boosted hp, almost no armour,
(amphibious), 8 rings, (camouflage 1), (gelatinous body 1), (nimble swimmer 1),
(tentacles)
a: Renounce Religion, Purification, Heal Other, Heal Self


You were in a bailey.
You worshipped Elyvilon.
Elyvilon was most pleased with you.
You were a tree.
You visited 2 branches of the dungeon, and saw 8 of its levels.
You also visited: Bailey.

You collected 254 gold pieces.

Inventory:

Jewellery
 u - an amulet of reflection (around neck)
 y - a +5 ring of evasion (right branch)
 N - a ring of positive energy (left branch)
Talismans
 b - a beast talisman
 c - a flux talisman (active)
 j - a talisman of death
 w - a flux talisman (active)
Wands
 r - a wand of flame (7)
 A - a wand of iceblast (9)
Scrolls
 f - a scroll of fog
 k - a scroll of vulnerability
 l - a scroll of enchant weapon
 m - a scroll of noise
 p - 2 scrolls of immolation
 q - a scroll of enchant armour
 s - a scroll of poison
 t - 3 scrolls of teleportation
 B - 2 scrolls of blinking
Potions
 a - a potion of lignification
 d - a potion of might
 e - 2 potions of haste {unknown}
 g - 2 potions of attraction
 h - a potion of heal wounds {unknown}
 n - a potion of resistance
 o - 2 potions of degeneration {unknown}
 v - 2 potions of curing {unknown}
 x - a potion of cancellation {unknown}


   Skills:
 + Level 5.9 Fighting
 + Level 6.3 Dodging
 + Level 6.6 Unarmed Combat
 + Level 4.2 Invocations
 * Level 8.4 Shapeshifting


You had 9 spell levels left.
You didn't know any spells.
Your spell library contained the following spells:

 Spells                   Type           Power      Damage    Failure   Level
 Hailstorm                Conj/Ice       0%         3d5       69%         3
 Summon Ice Beast         Ice/Summ       0%         N/A       69%         3
 Summon Lightning Spire   Summ/Air       0%         N/A       97%         4
 Arcjolt                  Conj/Air       0%         1d10      100%        5
 Lee's Rapid Deconstruct  Erth           0%         3d4*      100%        5
 Ozocubu's Refrigeration  Ice            0%         4d7       100%        7
 Animate Armour           Summ/Erth      Unusable   N/A       N/A         4

Dungeon Overview and Level Annotations

Branches:
Dungeon (7/15)             Temple (1/1) D:4          Bailey (1/1)

Altars:
Cheibriados
Dithmenos
Elyvilon
Fedhas
Gozag
Hepliaklqana
Kikubaaqudgha
Makhleb
Nemelex Xobeh
Qazlal
Sif Muna
Trog
Uskayaw
Vehumet
Yredelemnul
Zin
The Shining One
Lugonu

Annotations:
D:2 1 runed translucent door, Crazy Yiuf
D:4 Dowan
D:6 1 runed translucent door, TobyConnect's ghost, novice TrMo
D:7 1 runed translucent door Bailey Prince Ribbit


Innate Abilities, Weirdness & Mutations

You are a tree.
Your roots penetrate the ground, keeping you stationary.
You cannot be teleported.
You are immune to unholy pain and torment.
Your maximum health is greatly increased.
You cannot wear most types of armour.
((You are amphibious.))
You can wear up to eight rings at the same time.
((Your skin changes colour to match your surroundings (Stealth+).))
((Your rubbery body absorbs attacks. (AC +1, EV +1)))
((You are camouflaged when in or above water. (Stealth+)))
((You have tentacles for arms and can constrict up to eight enemies at once.))


Message History

* * * LOW HITPOINT WARNING * * *
You block the bullfrog's attack.
You take 4 damage, and have 21/102 hp.
You are healed.
The bullfrog hits you but does no damage.
The vault guard hits you but does no damage.
You regained 14 hp, and now have 35/102 hp.
You now have 11/13 mp.
You hit the vault guard.
The vault guard is heavily wounded.
The bullfrog hits you but does no damage.
The vault guard hits you with a +0 broad axe!
* * * LOW HITPOINT WARNING * * *
The bullfrog hits you but does no damage.
You take 10 damage, and have 25/102 hp.
You barely miss the vault guard.
The vault guard is heavily wounded.
The bullfrog hits you but does no damage.
The vault guard hits you but does no damage.
You hit the vault guard but do no damage.
Your punch misses the vault guard.
The vault guard is heavily wounded.
The bullfrog hits you but does no damage.
The vault guard hits you with a +0 broad axe!
* * * LOW HITPOINT WARNING * * *
The bullfrog hits you but does no damage.
You take 10 damage, and have 15/102 hp.
You smack the vault guard!
The vault guard is heavily wounded.
The bullfrog hits you but does no damage.
The vault guard hits you with a +0 broad axe!
* * * LOW HITPOINT WARNING * * *
You take 10 damage, and have 5/102 hp.
Okay, then.
It was a potion of might.
You feel very mighty all of a sudden.
d - a potion of might;
l - a scroll of enchant weapon You block the bullfrog's attack.
The vault guard hits you with a +0 broad axe!
You die...

##### ##...##
#.....# #.∩.∩.#
######..F..#
##....##[p♣##
##......#'#+#
#....#..[.#F~
#..####...#~~~
#.....#...#~~~~
#.[[†.#...##~~~#
###+###..## #+##
#≈~..≈#..+
#≈~..≈####


You could see a vault guard and a bullfrog.

Vanquished Creatures
  Pikel (D:4)
  4 humans (Bailey)
  Duvessa (D:4)
  A black bear (D:4)
  2 ogres
  A centaur (D:7)
  3 lemures (D:4)
  Blork the orc (D:6)
  3 phantoms
  11 bullfrogs
  3 scorpions
  4 wights
  3 killer bees
  A crimson imp (D:6)
  4 hounds
  2 sleepcaps
  Jessica (D:3)
  3 iguanas
  Ijyb (D:3)
  An orc wizard (D:7)
  8 adders
  A gnoll (D:3)
  A shadow imp (D:7)
  A white imp (D:6)
  A dart slug (D:2)
  A ribbon worm (D:4)
  17 orcs
  4 bats
  9 endoplasms
  4 giant cockroaches
  16 goblins
  12 hobgoblins
  4 jackals (D:1)
  2 quokkas
  5 ball pythons
  3 frilled lizards
  3 kobolds
  3 rats
146 creatures vanquished.

Notes
Turn   | Place    | Note
-------+----------+-------------------------------------------
     0 | D:1      | Dirtsage the Octopode Shapeshifter began the quest for the
                  | Orb.
     0 | D:1      | Reached XP level 1. HP: 13/13 MP: 1/1
   103 | D:1      | Reached XP level 2. HP: 17/18 MP: 2/2
   504 | D:1      | Reached XP level 3. HP: 23/23 MP: 3/3
  1096 | D:2      | Found a hide-covered altar of Uskayaw.
  1177 | D:2      | Reached XP level 4. HP: 29/29 MP: 4/4
  1325 | D:2      | Found a runed translucent door.
  1326 | D:2      | Noticed Crazy Yiuf
  1568 | D:3      | Found a bloodstained altar of Trog.
  1749 | D:3      | Found a faded altar of an unknown god.
  1811 | D:3      | Noticed Ijyb
  1822 | D:3      | Killed Ijyb
  1823 | D:3      | Reached skill level 4 in Shapeshifting
  1823 | D:3      | Reached XP level 5. HP: 19/34 MP: 5/5
  1883 | D:3      | Found a white marble altar of Elyvilon.
  1953 | D:3      | Became a worshipper of Elyvilon the Healer
  2010 | D:3      | Noticed Jessica
  2014 | D:3      | Killed Jessica
  2472 | D:4      | Noticed a phantom
  2487 | D:4      | Killed a phantom
  2488 | D:4      | Reached XP level 6. HP: 14/41 MP: 6/6
  2642 | D:4      | Noticed a black bear
  2648 | D:4      | Killed a black bear
  2721 | D:4      | Found a snail-covered altar of Cheibriados.
  2755 | D:4      | Got Ipracwucw's Essays on Numb Injury
  2794 | D:4      | Reached * piety under Elyvilon
  2828 | D:4      | Found a staircase to the Ecumenical Temple.
  2839 | Temple   | Entered the Ecumenical Temple
  2898 | D:4      | Noticed Duvessa
  2933 | D:4      | Killed Duvessa
  2934 | D:4      | Reached skill level 5 in Shapeshifting
  2972 | D:4      | Noticed Dowan
  3127 | D:4      | Noticed Pikel
  3130 | D:4      | Reached XP level 7. HP: 36/46 MP: 7/7
  3155 | D:4      | Killed Pikel
  3156 | D:4      | Reached XP level 8. HP: 32/54 MP: 8/8
  3505 | D:4      | Reached skill level 5 in Unarmed Combat
  3505 | D:4      | Reached skill level 6 in Shapeshifting
  3626 | D:5      | Entered Level 5 of the Dungeon
  3780 | D:5      | Reached ** piety under Elyvilon
  3830 | D:5      | Reached skill level 1 in Invocations
  4180 | D:5      | Reached skill level 5 in Dodging
  4486 | D:6      | Found a runed translucent door.
  4563 | D:6      | Noticed Blork the orc
  4583 | D:6      | Killed Blork the orc
  4584 | D:6      | Reached skill level 7 in Shapeshifting
  4584 | D:6      | Reached XP level 9. HP: 25/60 MP: 10/10
  4753 | D:6      | Found an opulent altar of Gozag.
  4754 | D:6      | Found a sparkling altar of Nemelex Xobeh.
  4823 | D:6      | Reached *** piety under Elyvilon
  4834 | D:6      | Reached skill level 5 in Fighting
  5000 | D:6      | Found a burning altar of Makhleb.
  5000 | D:6      | Found a radiant altar of Vehumet.
  5177 | D:6      | Noticed a troll
  5178 | D:6      | Noticed TobyConnect's ghost (novice TrMo)
  5345 | D:7      | Found a large runed translucent door.
  5461 | D:7      | Found a glowing golden altar of the Shining One.
  5754 | D:7      | Found a flagged portal.
  5759 | Bailey   | Entered a bailey
  5853 | Bailey   | Reached skill level 8 in Shapeshifting
  5920 | Bailey   | Reached XP level 10. HP: 56/68 MP: 11/13
  5967 | Bailey   | Noticed a vault guard
  5967 | Bailey   | Noticed Prince Ribbit
  6004 | Bailey   | HP: 5/102 [vault guard/+0 broad axe (11)]
  6005 | Bailey   | Slain by a vault guard

Illustrated notes

Levels and vault maps discovered:
D:1:      dpeg_arrival_simpleton_a, layout_basic, chequers_serial_rivers_small_a
D:2:      layout_rooms, basic_altar, minmay_misc_feat_chi,
          guppyfry_early_orc_mine, uniq_crazy_yiuf_cottage
D:3:      layout_basic, mainiacjoe_overflow_brackets, elyvilon_altar_5,
          shapermc_ecumenical_altar_venn, kennysheep_generic_room_3, uniq_ijyb,
          uniq_jessica
D:4:      minmay_diamond_boxcup, layout_cave_pools,
          mainiacjoe_overflow_surrounded_room, minmay_temple_entry_glassed_door,
          uniq_pikel, uniq_duvessa
D:5:      layout_rooms
D:6:      layout_cave_pools, grunt_temple_overflow_lords_of_destruction,
          grunt_temple_overflow_opulence, ebering_ghost_inner_flame,
          uniq_blork_the_orc
D:7:      minmay_the_grid_octo_tiled_octocenter [minmay_the_grid_octo_checkered,
          minmay_the_grid_octo_pinwheel, minmay_the_grid_octo_odd_swirl,
          minmay_the_grid_octo_toaster,
          minmay_the_grid_octo_prize_single_spiral,
          minmay_the_grid_square_5x5_tie, minmay_the_grid_square_5x5_one_wall,
          minmay_the_grid_square_5x5_minimal,
          minmay_the_grid_square_5x5_inverted_slash], layout_basic,
          mainiacjoe_overflow_alcove_2, gammafunk_temple_overflow_forgotten,
          enter_bailey_3, ebering_ghost_disaster_area
Temple:   kb_corrupted_temple
Bailey:   bailey_axe_froggy_fort_hellmonk, bailey

Skill      XL: |  1  2  3  4  5  6  7  8  9 |
---------------+----------------------------+-----
Fighting       | 2 3 4 5 |  5.9
Shapeshifting  | 4 5 7 8 |  8.4
Dodging        | 3 4 5 6 |  6.3
Unarmed Combat | 4 5 6 |  6.6
Invocations    | 2 4 |  4.2

Action                     |  1- 3 |  4- 6 |  7- 9 | 10-12 || total
---------------------------+-------+-------+-------+-------++-------
  Melee: Unarmed           |    59 |   103 |   244 |    28 ||   434
         Constrict         |    13 |    17 |    57 |     5 ||    92
         Tentacles         |    11 |    17 |    67 |     5 ||   100
         Punch             |     1 |     6 |     3 |     1 ||    11
 Invoke: Heal Self         |       |       |       |     1 ||     1
  Evoke: Wand              |       |       |     4 |       ||     4
    Use: Potion            |       |     1 |       |     3 ||     4
         Scroll            |       |       |    10 |       ||    10
   Stab: Sleeping          |     3 |     9 |    10 |       ||    22
 Armour: Skin              |    31 |    49 |    67 |    33 ||   180
  Dodge: Dodged            |    41 |    37 |   192 |     6 ||   276
  Block: Other             |       |       |    51 |     8 ||    59
   Form: Flux              |       |       |     1 |       ||     1

Table legend: (Time is in decaauts)
 A = Elapsed time spent in this place.
 B = Non-inter-level travel time spent in this place.
 C = Inter-level travel time spent in this place.
 D = Time resting spent in this place.
 E = Time spent auto-exploring this place.
 F = Levels seen in this place.
 G = Mean time per level.
                   A        B        C        D        E       F      G
               +--------+--------+--------+--------+--------+-----+--------+
         Total |   5963 |   5651 |    312 |    464 |   4060 |   9 |  662.6 |
       Dungeon |   5701 |   5413 |    288 |    430 |   3952 |   7 |  814.4 |
        Temple |     25 |      1 |     24 |      0 |      0 |   1 |   25.0 |
        Bailey |    236 |    236 |      0 |     34 |    108 |   1 |  236.0 |
               +--------+--------+--------+--------+--------+-----+--------+

Top non-repeatable levels by time:
     D:6: 1155 daAuts
     D:3: 1115 daAuts
     D:4: 968 daAuts
     D:1: 846 daAuts
     D:2: 655 daAuts
     D:5: 622 daAuts
     D:7: 337 daAuts
  Bailey: 236 daAuts
  Temple: 25 daAuts
